 Dungeon Crawl Stone Soup version 0.22.0 (webtiles) character file.

55 BigChef the Skirmisher (level 3, -1/29 HPs)
             Began as a Demonspawn Chaos Knight on Aug 29, 2018.
             Slain by an adder (3 damage)
             ... on level 2 of the Dungeon.
             The game lasted 00:02:17 (1079 turns).

BigChef the Skirmisher (Demonspawn Chaos Knight)    Turns: 1079, Time: 00:02:17

Health: -1/29      AC:  3    Str: 13    XL:     3   Next: 67%
Magic:  3/3        EV: 11    Int: 13    God:    Xom [..*...]
Gold:   25         SH:  0    Dex: 12    Spells: 2/2 levels left

rFire    . . .     SeeInvis .   a - +0 spear (chaos)
rCold    . . .     Gourm    .   (no shield)
rNeg     . . .     Faith    .   e - +0 leather armour (curse)
rPois    .         Spirit   .   (no helmet)
rElec    .         Reflect  .   (no cloak)
rCorr    .         Harm     .   (no gloves)
MR       .....                  (no boots)
Stlth    +.........             (no amulet)
HPRegen  0.09/turn              (no ring)
MPRegen  0.08/turn              (no ring)

@: lethally poisoned (-1 -> -13), flying
A: claws 1, demonic guardian 1
a: Renounce Religion


You were on level 2 of the Dungeon.
You worshipped Xom.
You were a toy of Xom.
You were hungry.

You visited 1 branch of the dungeon, and saw 2 of its levels.

You collected 25 gold pieces.

Inventory:

Hand Weapons
 a - a +0 spear of chaos (weapon)
Armour
 b - a +2 leather armour
 e - a cursed +0 leather armour (worn)
Jewellery
 j - an uncursed ring of resist corrosion {unknown}
Scrolls
 d - 2 scrolls of teleportation {unknown}
 f - a scroll of remove curse {unknown}
 h - a scroll of random uselessness {unknown}
 i - a scroll of enchant armour {unknown}
Potions
 g - a potion of flight
Comestibles
 c - 2 rations


   Skills:
 + Level 3.6 Fighting
 + Level 3.5 Polearms
 + Level 2.0 Armour
 + Level 1.0 Dodging
 + Level 0.5 Stealth


You had 2 spell levels left.
You didn't know any spells.
Your spell library was empty.

Dungeon Overview and Level Annotations

Branches:
Dungeon (2/15)

Altars:
Wu Jian

Annotations:
D:2 1 transporter


Innate Abilities, Weirdness & Mutations

You have sharp fingernails.
A weak demonic guardian rushes to your aid.


Message History

The adder is severely wounded.
You feel sick. The adder bites you.
You closely miss the adder.
The adder is severely wounded.
You feel sick. The adder bites you.
* * * LOW HITPOINT WARNING * * *
It was a potion of flight.
You feel very buoyant.
You fly up into the air.
* * * LOW HITPOINT WARNING * * *
You feel sick. The adder bites you.
* * * LOW HITPOINT WARNING * * *
You are more poisoned.
The adder poisons you!
You closely miss the adder.
The adder is severely wounded.
* * * LOW HITPOINT WARNING * * *
You feel sick. The adder bites you.
You die... "Huh?
Did I miss anything?"

### ####...## .... ..#
..# #.# ## #.#
#.#########.
#.###........#..
####†...........#.#
#S@%............#.#
......$########....###.#
####### ####.#.....#
#....#.....)
#.##....#### # #....#
#...#.# ....###.. #
...... #.## ##.. .


You could see an adder.

Vanquished Creatures
  Terence (D:1)
  A worm (D:2)
  A leopard gecko (D:1)
  2 giant cockroaches (D:1)
  4 goblins
  5 hobgoblins
  2 jackals (D:2)
  4 kobolds
  A bat (D:2)
  A frilled lizard (D:1)
  A rat (D:1)
23 creatures vanquished.

Vanquished Creatures (collateral kills)
  A kobold (D:2)
1 creature vanquished.

Grand Total: 24 creatures vanquished

Notes
Turn   | Place    | Note
-------+----------+-------------------------------------------
     0 | D:1      | BigChef the Demonspawn Chaos Knight began the quest for the Orb.
     0 | D:1      | Reached XP level 1. HP: 18/18 MP: 1/1
   168 | D:1      | XOM: potion effect (agility)
   176 | D:1      | Gained mutation: A weak demonic guardian rushes to your aid. [demonic ancestry]
   176 | D:1      | Reached XP level 2. HP: 11/24 MP: 2/2
   623 | D:1      | XOM: silly message
   793 | D:2      | Noticed Terence
   906 | D:1      | XOM: silly message
   926 | D:1      | Killed Terence
   926 | D:1      | Reached skill level 1 in Dodging
   926 | D:1      | Gained mutation: You have sharp fingernails. [demonic ancestry]
   926 | D:1      | Reached XP level 3. HP: 26/29 MP: 3/3
   960 | D:2      | Noticed a big kobold
   971 | D:2      | Found an ornate altar of the Wu Jian Council.
   971 | D:2      | Found a transporter.
  1079 | D:2      | Slain by an adder

Skill      XL: |  1  2 |
---------------+-------+-----
Polearms       | 3 |  3.5
Armour         | 2 |  2.0
Dodging        | 1 |  1.0
Fighting       | |  3.6
Stealth        | |  0.5

Action                   || total
-------------------------++-------
Melee: Spear             ||    93
  Use: Potion            ||     2
 Stab: Petrified         ||     3
       Sleeping          ||     1
Armor: Leather armour    ||     7
Dodge: Dodged            ||    58
